 Dungeon Crawl Stone Soup version 0.28-a0-500-g121bc3e445 (webtiles) character file.

Game seed: 17116566871175150911

553 Shayle the Skirmisher (level 7, -8/75 HPs)
             Began as an Ogre Warper on Sept 19, 2021.
             Mangled by Menkaure (9 damage)
             ... on level 5 of the Dungeon.
             The game lasted 00:14:44 (6981 turns).

Shayle the Skirmisher (Ogre Warper)                 Turns: 6981, Time: 00:14:45

Health: -8/75      AC:  2    Str: 18    XL:     7   Next: 29%
Magic:  7/12       EV: 19    Int: 17    God:
Gold:   219        SH:  0    Dex: 13    Spells: 3/13 levels left

rFire   + . .      SeeInvis .   (weapon currently unavailable)
rCold   + . .      Faith    .   (shield currently unavailable)
rNeg    . . .      Spirit   .   (armour currently unavailable)
rPois   x          Reflect  .   (helmet currently unavailable)
rElec   .          Harm     .   (cloak currently unavailable)
rCorr   .          Rampage  .   (gloves unavailable)
Will    .....                   (boots unavailable)
Stlth   +.........              (no amulet)
HPRegen 0.22/turn               e - ring "Zaerel" {rF+ rC+ Int+3}
MPRegen 0.13/turn               (no ring)

@: spider-form
A: venomous fangs, tiny, unfitting armour, (tough skin 1), (claws 1),
(iridescent scales 1), dopey 1, strong 1
a: End Transformation


You were on level 5 of the Dungeon.
You were a venomous arachnid creature.
You visited 1 branch of the dungeon, and saw 5 of its levels.

You collected 219 gold pieces.

Inventory:

Hand Weapons
 a - a +0 spear (melded)
Missiles
 h - 2 boomerangs (quivered)
Armour
 b - a +1 robe (melded)
 i - a +0 tower shield
Jewellery
 e - the ring "Zaerel" (left front leg) {rF+ rC+ Int+3}
   (You acquired it on level 3 of the Dungeon)

   [ring of protection from cold]

   Int:       It affects your intelligence (+3).
   rF:        It protects you from fire.
   rC:        It protects you from cold.
 q - a ring of flight
Wands
 n - a wand of paralysis (5)
 o - a wand of flame (20)
Scrolls
 c - a scroll of blinking
 f - a scroll of silence
 g - a scroll of teleportation {unknown}
 j - a scroll of fear
 k - a scroll of immolation {unknown}
 l - 3 scrolls of magic mapping
 m - 3 scrolls of fog
Potions
 d - 2 potions of magic {unknown}
 p - 2 potions of haste


   Skills:
 + Level 6.0 Fighting
 + Level 4.5 Polearms
 - Level 1.0 Throwing
 - Level 2.1 Dodging
 + Level 3.9 Spellcasting
 - Level 2.6 Translocations
 + Level 2.0 Transmutations
 + Level 2.1 Poison Magic


You had 3 spell levels left.
You knew the following spells:

 Your Spells              Type           Power      Damage    Failure   Level
a - Blink                 Tloc           N/A        N/A       21%         2
b - Teleport Other        Tloc           12%        N/A       34%         3
c - Spider Form           Tmut/Pois      5%         N/A       41%         3
d - Call Imp              Summ           3%         N/A       45%         2

Your spell library contained the following spells:

 Spells                   Type           Power      Damage    Failure   Level
 Beastly Appendage        Tmut           20%        N/A       19%         1
 Wereblood                Tmut           10%        N/A       26%         2
 Magic Dart               Conj           12%        1d3       34%         1
 Gell's Gravitas          Tloc           6%         N/A       34%         3
 Lesser Beckoning         Tloc           12%        N/A       34%         3
 Mephitic Cloud           Conj/Pois/Air  5%         N/A       56%         3
 Manifold Assault         Tloc           12%        N/A       93%         5


Dungeon Overview and Level Annotations

Branches:
Dungeon (5/15)
 Temple: D:4-7

Altars:
Uskayaw

Shops:
D:1 !

Annotations:
D:4 Dowan
D:5 Menkaure


Innate Abilities, Weirdness & Mutations

You are a venomous arachnid creature.
You have poisonous fangs.
You are tiny and dextrous.
Your spellcasting is less reliable in this form.
Your armour is entirely melded.
You are incapable of wielding weapons or throwing items.
You are too large for most types of armour.
((You have tough skin. (AC +1)))
((You have sharp fingernails.))
((You are partially covered in iridescent scales. (AC +2)))
You are dopey. (Int -2)
Your muscles are strong. (Str +2)


Message History

Menkaure shouts!
Menkaure gestures wildly while chanting.
Menkaure seems to speed up.
There is a stone staircase leading up here.
Casting: Spider Form (dangerous; 21% risk of failure)
Confirm with . or Enter, or press ? or * to list all spells.
A beastly little devil appears in a puff of flame.
Menkaure calls on the powers of darkness!
Your body is wracked with pain!
Casting: Call Imp (dangerous; 24% risk of failure)
Confirm with . or Enter, or press ? or * to list all spells.
You turn into a venomous arachnid creature.
Your +0 spear melds into your body.
Your +1 robe melds into your body.
Menkaure barely misses your crimson imp.
Menkaure hits you!!
* * * LOW HITPOINT WARNING * * *
Your crimson imp hits Menkaure.
You hit Menkaure.
Menkaure is lightly damaged.
Menkaure hits you!
* * * LOW HITPOINT WARNING * * *
Your crimson imp hits Menkaure but does no damage.
Unknown command.
Okay, then.
Aiming: Paralyse
Press: ? - help, Shift-Dir - straight line, f - Menkaure
Aim: Menkaure (lightly damaged, fast, ally target, chance to affect: 46%) Menkaure resists with some effort.
Menkaure completely misses you.
A jelly comes into view.
Your crimson imp barely misses Menkaure.
Unknown command.
Aiming: Paralyse
Press: ? - help, Shift-Dir - straight line, f/p - Menkaure
Aim: Menkaure (lightly damaged, fast, ally target, chance to affect: 46%) Menkaure resists with some effort.
The jelly quivers.
Menkaure hits you.
* * * LOW HITPOINT WARNING * * *
Menkaure hits you!
You die...

..
..#################
...................
........#<5s.......
........###M.....##
........# #....###
........###.##.#
######..##..# ..#
#...#....### .#
#..........# . #.
#...######....#J #.
#... ....... #.


You could see Menkaure (fast, ally target), a jelly and a friendly crimson imp
(summoned).

Vanquished Creatures
  Duvessa (D:4)
  A necrophage (D:5)
  A hound (D:4)
  An orc priest (D:4)
  A gnoll shaman (D:3)
  An iguana (D:3)
  An orc wizard (D:4)
  A hound skeleton (D:5)
  4 gnolls
  A howler monkey skeleton (D:5)
  7 adders
  2 adder skeletons (D:4)
  A worm (D:3)
  A dart slug (D:1)
  4 orcs
  6 endoplasms
  4 giant cockroaches
  10 goblins
  4 hobgoblins
  6 jackals (D:4)
  9 kobolds
  8 quokkas
  9 ball pythons
  5 bats
  6 frilled lizards
  3 rats
98 creatures vanquished.

Notes
Turn   | Place    | Note
-------+----------+-------------------------------------------
     0 | D:1      | Shayle the Ogre Warper began the quest for the Orb.
     0 | D:1      | Reached XP level 1. HP: 22/22 MP: 3/3
   378 | D:1      | Reached skill level 3 in Fighting
   524 | D:1      | Reached XP level 2. HP: 30/31 MP: 5/5
   836 | D:1      | Found Weggy's Distillery.
  1267 | D:1      | Reached XP level 3. HP: 39/39 MP: 6/6
  1700 | D:2      | Reached skill level 4 in Fighting
  1947 | D:2      | Found a hide-covered altar of Uskayaw.
  2030 | D:2      | Noticed a phantom
  2057 | D:1      | Gained mutation: You are partially covered in iridescent
                  | scales. (AC +2) [potion of mutation]
  2057 | D:1      | Gained mutation: Your muscles are strong. (Str +2) [potion
                  | of mutation]
  2057 | D:1      | Gained mutation: You are dopey. (Int -2) [potion of
                  | mutation]
  2057 | D:1      | Gained mutation: You have sharp fingernails. [potion of
                  | mutation]
  2392 | D:2      | Reached XP level 4. HP: 49/49 MP: 7/7
  2573 | D:2      | Found a faded altar of an unknown god.
  3273 | D:3      | Identified a scroll of acquirement
  3273 | D:3      | Acquired the ring "Zaerel" {rF+ rC+ Int+3}
  3752 | D:3      | Learned a level 2 spell: Blink
  3756 | D:3      | Learned a level 3 spell: Teleport Other
  3760 | D:3      | Learned a level 3 spell: Spider Form
  3839 | D:3      | Reached XP level 5. HP: 50/55 MP: 8/8
  3913 | D:3      | Reached skill level 5 in Fighting
  4230 | D:4      | Noticed Dowan
  4231 | D:4      | Noticed Duvessa
  4573 | D:3      | Reached skill level 1 in Transmutations
  4573 | D:3      | Reached skill level 1 in Poison Magic
  4573 | D:3      | Reached XP level 6. HP: 26/66 MP: 2/10
  5507 | D:4      | Killed Duvessa
  6046 | D:4      | Reached XP level 7. HP: 54/74 MP: 10/12
  6448 | D:5      | Entered Level 5 of the Dungeon
  6512 | D:5      | Noticed Menkaure
  6823 | D:4      | Learned a level 2 spell: Call Imp
  6843 | D:5      | Reached skill level 6 in Fighting
  6981 | D:5      | HP: 1/75 [Menkaure (4)]
  6981 | D:5      | Mangled by Menkaure

Illustrated notes

Levels and vault maps discovered:
D:1:      scummos_arrival_star, layout_basic, serial_shops, shop,
          kennysheep_small_spiral, kennysheep_minor_cross, minmay_misc_feat_x
D:2:      layout_rooms, basic_altar, shapermc_ecumenical_altar_ellora
D:3:      layout_loops_corners, minmay_quadrilaterals
D:4:      layout_layer_cave, serial_glass, glass_columns_a, glass_columns_a,
          glass_columns_c, glass_columns_a, glass_columns_b, glass_columns_b,
          glass_columns_a, glass_columns_a, uniq_duvessa
D:5:      minmay_razor_zed, layout_rooms, kennysheep_nub,
          minmay_fire_ice_demons, uniq_menkaure

Skill      XL: |  1  2  3  4  5  6  7 |
---------------+----------------------+-----
Fighting       | 3 4 5 6 |  6.0
Polearms       | 3 4 |  4.5
Spellcasting   | 3 |  3.9
Transmutations | 1 2 |  2.0
Poison Magic   | 1 2 |  2.1
Throwing       | |  1.0
Dodging        | |  2.1
Translocations | |  2.6

Action                   |  1- 3 |  4- 6 |  7- 9 || total
-------------------------+-------+-------+-------++-------
Melee: Spear             |   167 |   226 |    14 ||   407
       Unarmed           |       |    50 |    19 ||    69
Throw: Boomerang         |     4 |     1 |       ||     5
 Cast: Teleport Other    |       |     1 |       ||     1
       Spider Form       |       |     8 |     3 ||    11
       Call Imp          |       |       |     1 ||     1
Evoke: Wand              |       |       |     2 ||     2
  Use: Scroll            |     1 |    12 |       ||    13
       Potion            |     2 |     2 |       ||     4
Armor: Robe              |    57 |    79 |     5 ||   141
       Skin              |       |    13 |     1 ||    14
Dodge: Dodged            |   101 |   130 |    16 ||   247

Table legend: (Time is in decaauts)
 A = Elapsed time spent in this place.
 B = Non-inter-level travel time spent in this place.
 C = Inter-level travel time spent in this place.
 D = Time resting spent in this place.
 E = Time spent auto-exploring this place.
 F = Levels seen in this place.
 G = Mean time per level.
                   A        B        C        D        E       F      G
               +--------+--------+--------+--------+--------+-----+--------+
         Total |   6941 |   6814 |    127 |   1956 |   3429 |   5 | 1388.2 |
       Dungeon |   6941 |   6814 |    127 |   1956 |   3429 |   5 | 1388.2 |
               +--------+--------+--------+--------+--------+-----+--------+

Top non-repeatable levels by time:
     D:3: 2340 daAuts
     D:1: 1753 daAuts
     D:4: 1632 daAuts
     D:2: 973 daAuts
     D:5: 240 daAuts
